AoeStats
← _xRegulusx_

Black Forest

508734243Analyzed
4v4 RM · 10d ago on Sep 23, 2026· 38m 42s· 8 players
Game mode
Random Map
Map size
Large (8 player)
Population
200
Speed
Normal
Resources
Standard
Victory
Conquest
Starting age
Dark Age
Ending age
Imperial Age
RankedLock teamsTeams togetherTeam positionsShared explorationLock speedFull tech treeHidden civsTurbo modeCheats
Victory
Defeat
🇲🇽 Magyars · Mexico
1487
+13
🇨🇴 Danes · Colombia
1482
+13
🇵🇪 Khmer · Peru
1449
+14
🇺🇸 Cumans · United States
1430
+14
🇮🇹 Persians · Italy
1422
-14
🇪🇸 Goths · Spain
1422
-14
🇨🇱 Burgundians · Chile
1413
-14
🇮🇹 Turks · Italy
1379
-12
Gaucho_Jaimico
1:18 Loom
9:14 Double-Bit Axe
12:03 Feudal Age
18:39 Castle Age
17:46 Bow Saw
21:10 Horse Collar
24:30 Wheelbarrow
24:36 Scale Barding Armor
25:26 Husbandry
26:05 Cavalier
30:56 Forging
33:38 Chain Barding Armor
38:52 Imperial Age
37:01 Gold Mining
37:48 Hand Cart
Wendysocute
7:37 Loom
11:18 Feudal Age
12:09 Double-Bit Axe
15:09 Castle Age
14:30 Horse Collar
17:30 Scale Barding Armor
17:36 Forging
26:36 Wheelbarrow
27:50 Hand Cart
27:44 Heavy Plow
29:00 Bow Saw
33:08 Imperial Age
30:42 Stone Mining
30:52 Gold Mining
32:55 Chain Barding Armor
33:10 Iron Casting
33:28 Bloodlines
33:19 Husbandry
32:45 Cavalier
33:50 Conscription
34:17 Crop Rotation
34:49 Two-Man Saw
36:40 Savar
38:05 Plate Barding Armor
Lyy
11:28 Feudal Age
17:43 Castle Age
16:58 Loom
30:20 Double-Bit Axe
wilkerbrice12
11:35 Feudal Age
13:05 Double-Bit Axe
13:59 Wheelbarrow
18:03 Castle Age
17:44 Fishing Lines
18:13 Gold Mining
18:09 Horse Collar
21:43 Bow Saw
22:37 Town Watch
23:51 Gillnets
26:22 Heavy Plow
28:14 Loom
28:44 Hand Cart
28:37 Town Patrol
28:39 Squires
28:41 Scale Mail Armor
28:51 Forging
31:54 Imperial Age
28:49 Pikeman
29:33 Husbandry
30:09 Chain Mail Armor
29:52 Stone Mining
31:52 Iron Casting
31:08 Treadmill Crane
31:32 Anarchy
32:30 Stone Shaft Mining
32:00 Elite Huskarl
32:04 Halberdier
33:24 Conscription
34:20 Capped Ram
37:49 Chemistry
36:41 Fletching
37:08 Perfusion
37:34 Onager
AM | Tailor
0:43 Loom
9:58 Feudal Age
9:59 Man-at-Arms
10:51 Arson
12:48 Double-Bit Axe
14:55 Horse Collar
20:20 Forging
23:02 Castle Age
21:48 Gold Mining
23:27 Scale Mail Armor
23:16 Town Watch
23:32 Pikeman
24:33 Squires
26:22 Gambesons
28:37 Wheelbarrow
30:56 Bow Saw
30:41 Stone Mining
31:57 Heavy Plow
39:21 Imperial Age
37:29 Chain Mail Armor
[GDL] Good_Guys
4:05 Loom
11:00 Feudal Age
12:32 Man-at-Arms
14:59 Double-Bit Axe
18:23 Scale Mail Armor
19:02 Forging
19:45 Fletching
27:50 Wheelbarrow
27:02 Town Watch
30:03 Horse Collar
31:50 Gold Mining
32:30 Stone Mining
35:28 Castle Age
33:54 Fishing Lines
36:33 Bow Saw
36:23 Heavy Plow
37:00 Gold Shaft Mining
36:58 Hand Cart
36:52 Gillnets
37:10 Squires
37:33 Capped Ram
38:36 Long Swordsman
39:32 Chain Mail Armor
_xRegulusx_
11:15 Feudal Age
12:00 Double-Bit Axe
15:01 Castle Age
15:09 Fishing Lines
15:56 Bow Saw
18:50 Wheelbarrow
19:59 Gillnets
23:32 Hand Cart
28:34 Imperial Age
26:09 Gold Mining
26:58 Fletching
27:47 Gold Shaft Mining
28:04 Bodkin Arrow
28:34 Ballistics
28:38 Onager
29:29 Bracer
29:32 Horse Collar
31:24 Parthian Tactics
31:01 Padded Archer Armor
32:02 Chemistry
31:45 Husbandry
32:38 Leather Archer Armor
32:05 Treadmill Crane
32:48 Thumb Ring
32:58 Bloodlines
33:05 Loom
32:43 Heavy Cavalry Archer
35:08 Ring Archer Armor
34:41 Recurve Bow
35:02 Conscription
37:05 Scale Barding Armor
37:03 Elite Magyar Huszar
38:30 Chain Barding Armor
CTM | KLIN
5:23 Loom
11:21 Feudal Age
14:51 Castle Age
15:42 Horse Collar
15:49 Double-Bit Axe
17:22 Bow Saw
22:06 Heavy Plow
24:40 Wheelbarrow
24:45 Gold Mining
24:47 Stone Mining
26:59 Gold Shaft Mining
27:02 Stone Shaft Mining
29:29 Imperial Age
28:56 Hand Cart
31:29 Heavy Scorpion
32:32 Conscription
32:13 Double Crossbow
34:12 Ballistics
34:53 Chemistry
33:59 Siege Engineers
34:31 Forging
34:27 Scale Barding Armor
35:09 Husbandry
35:20 Bloodlines
34:31 Light Cavalry
36:29 Iron Casting
37:06 Hussar
Connection lost

Rejoining the realm…

Still unreachable

The connection could not be restored.

Session expired

The server has moved on; the page needs a fresh start.